 Dungeon Crawl Stone Soup version 0.16.0-12-g7215832 (webtiles) character file.

133 hulla the Changer (level 5, -4/33 HPs)
             Began as an Octopode Transmuter on Mar 18, 2015.
             Slain by an adder (5 damage)
             ... on level 2 of the Dungeon.
             The game lasted 00:10:46 (1716 turns).

hulla the Changer (Octopode Transmuter)             Turns: 1716, Time: 00:10:46

Health: -4/33      AC:  1    Str: 15    XL:     5   Next: 16%
Magic:  0/9        EV: 12    Int: 16    God:
Gold:   113        SH:  0    Dex: 12    Spells: 2 memorised, 4 levels left

rFire  . . .     SeeInvis .       - Unarmed
rCold  . . .     Clarity  .     (no shield)
rNeg   . . .     SustAb   .     (helmet restricted)
rPois  .         Gourm    .     (no amulet)
rElec  .         Spirit   .     (no ring)
rCorr  .         Warding  .     (no ring)
rMut   .         Stasis   .     (no ring)
MR     .....                    (no ring)
Stlth  ++........               (no ring)
                                (no ring)
                                (no ring)
                                (no ring)

@: mighty, lethally poisoned (-4 -> -5), appendage (expiring), very slightly
contaminated, not resistant to hostile enchantments, unstealthy
A: almost no armour, amphibious, 8 rings, constrict 8, tentacle spike 3,
camouflage 1, gelatinous body 1
a: End Transformation


You were on level 2 of the Dungeon.
You were not hungry.
One of your tentacles had a temporary spike.
You visited 1 branch of the dungeon, and saw 2 of its levels.

You collected 113 gold pieces.

Inventory:

Missiles
 b - 66 arrows
 c - 27 stones (quivered)
 h - 17 sling bullets
 n - 7 needles of paralysis
Scrolls
 f - a scroll of blinking {unknown}
 i - 2 scrolls of remove curse {unknown}
 j - a scroll of amnesia {unknown}
 l - a scroll of identify {unknown}
Potions
 e - a potion of resistance {unknown}
 o - a potion of brilliance {unknown}
Books
 d - a book of Changes

   Spells                             Type                      Level
   a - Beastly Appendage              Transmutation                1
   b - Sticks to Snakes               Transmutation                2
   c - Spider Form                    Transmutation/Poison         3
   d - Ice Form                       Ice/Transmutation            4
   e - Blade Hands                    Transmutation                5
Comestibles
 a - a bread ration
 g - 2 slices of pizza
 m - 6 chunks of flesh


   Skills:
 - Level 1.0 Fighting
 + Level 2.0 Dodging
 + Level 0.4 Stealth
 - Level 3.0 Unarmed Combat
 - Level 2.0 Spellcasting
 * Level 4.1 Transmutations
 - Level 3.4 Poison Magic


You had 4 spell levels left.
You knew the following spells:

 Your Spells              Type           Power        Failure   Level  Hunger
a - Beastly Appendage     Trmt           ##....       4%          1    #......
b - Spider Form           Trmt/Pois      ##........   14%         3    ###....


Dungeon Overview and Level Annotations

Branches:
Dungeon (2/15)

Altars:


Innate Abilities, Weirdness & Mutations

You cannot wear most types of armour.
You are amphibious.
You can wear up to eight rings at the same time.
You can use your tentacles to constrict many enemies at once.
Your skin changes colour to match your surroundings (Stealth).
Your rubbery body absorbs attacks (AC +1).
One of your tentacles bears a large vicious spike.


Message History

* * * LOW HITPOINT WARNING * * *
The adder bites you.
* * * LOW HITPOINT WARNING * * *
You miss the adder. Your grab misses the adder.
You pierce the adder.
Your squeeze misses the adder.
The adder is heavily wounded.
You feel sick.
The hobgoblin hits you but does no damage.
The adder misses you.
Drink which item? (? for menu, Esc to quit)
It was a potion of might.
You feel very mighty all of a sudden. The adder barely misses you.
The hobgoblin hits you with a club.
* * * LOW HITPOINT WARNING * * *
You barely miss the adder. Your grab misses the adder.
The adder is heavily wounded.
The adder bites you.
* * * LOW HITPOINT WARNING * * *
The hobgoblin closely misses you. The adder bites you.
You die...

....###...##)#....#
###.# ##.#...###..#
.####...#####..###
#...........##....##
.............##)#..#
<...........(.#.##.##
........g.....#.....#
........[......####..#
.(.......@.....# ####
....<...g.S....#
............$.#
.............##
#.....#.....##
############


You could see an adder, a hobgoblin and a goblin.

Vanquished Creatures
  Sigmund (D:2)
  2 adders
  A worm (D:2)
  10 bats
  A giant cockroach (D:1)
  4 goblins
  6 hobgoblins
  A quokka (D:2)
  A ball python (D:2)
  3 giant newts (D:2)
  6 kobolds (D:1)
  2 rats (D:1)
38 creatures vanquished.

Notes
Turn   | Place    | Note
--------------------------------------------------------------
     0 | D:1      | hulla, the Octopode Transmuter, began the quest for the Orb.
     0 | D:1      | Reached XP level 1. HP: 13/13 MP: 3/3
   457 | D:1      | Reached XP level 2. HP: 16/18 MP: 4/4
   864 | D:1      | Reached XP level 3. HP: 10/23 MP: 6/6
   872 | D:1      | Learned a level 3 spell: Spider Form
  1482 | D:2      | Reached skill level 1 in Poison Magic
  1581 | D:2      | Reached XP level 4. HP: 25/28 MP: 7/7
  1670 | D:2      | Noticed Sigmund
  1689 | D:2      | Killed Sigmund
  1689 | D:2      | Reached skill level 4 in Transmutations
  1689 | D:2      | Reached XP level 5. HP: 25/33 MP: 1/9
  1716 | D:2      | HP: 1/33 [adder (4)]
  1716 | D:2      | Slain by an adder

Action                   |  1- 3 |  4- 6 || total
-------------------------+-------+-------++-------
Melee: Unarmed           |    79 |    14 ||    93
Throw: Stone             |       |     4 ||     4
 Cast: Beastly Appendage |     8 |     1 ||     9
       Spider Form       |     1 |     1 ||     2
 Abil: End Transformatio |       |     1 ||     1
  Use: Potion            |       |     1 ||     1
 Stab: Sleeping          |     2 |       ||     2
  Eat: Chunk             |     2 |     1 ||     3
